 Dungeon Crawl Stone Soup version 0.29-a0-330-g52719c12eb (webtiles) character file.

Game seed: 1884672878253273194

855 night the Shooter (level 8, -1/54 HPs)
             Began as an Octopode Hunter on May 9, 2022.
             Slain by Edmund
             ... wielding a +2 dire flail of protection
              (8 damage)
             ... on level 6 of the Dungeon.
             The game lasted 00:10:42 (4286 turns).

night the Shooter (Octopode Hunter)                 Turns: 4286, Time: 00:10:43

Health: -1/54      AC:  1    Str: 10    XL:     8   Next: 1%
Magic:  8/8        EV: 14    Int: 12    God:
Gold:   274        SH:  0    Dex: 17    Spells: 5/7 levels left

rFire   . . .      SeeInvis +     - Unarmed
rCold   . . .      Faith    .   (no shield)
rNeg    . . .      Spirit   .   (helmet restricted)
rPois   .          Reflect  .   (no amulet)
rElec   .          Harm     .   f - ring of wizardry
rCorr   .          Rampage  .   h - ring of see invisible
Will    .....                   (no ring)
Stlth   ++++......              (no ring)
HPRegen 0.18/turn               (no ring)
MPRegen 0.11/turn               (no ring)
                                (no ring)
                                (no ring)

@: no status effects
A: almost no armour, amphibious, 8 rings, camouflage 1, gelatinous body 1,
(nimble swimmer 1), tentacles
a: no special abilities


You were on level 6 of the Dungeon.
You visited 1 branch of the dungeon, and saw 6 of its levels.

You collected 274 gold pieces.

Inventory:

Hand Weapons
 a - a +1 shortbow of flaming
Missiles
 g - 141 stones
 m - 9 poisoned darts
Jewellery
 f - a ring of wizardry (left tentacle)
 h - a ring of see invisible (right tentacle)
Wands
 e - a wand of polymorph (10)
 r - a wand of mindburst (19)
 s - a wand of digging (4)
Scrolls
 b - a scroll of immolation
 d - 4 scrolls of identify
 j - 2 scrolls of teleportation
Potions
 o - a potion of attraction
 t - a potion of curing
 u - 2 potions of lignification {unknown}
 w - a potion of haste


   Skills:
 + Level 3.6 Fighting
 * Level 6.1 Bows
 + Level 3.6 Dodging
 + Level 4.8 Stealth
 * Level 4.3 Unarmed Combat
 + Level 1.2 Translocations


You had 5 spell levels left.
You knew the following spells:

 Your Spells              Type           Power      Damage    Failure   Level
a - Blink                 Tloc           6%         N/A       12%         2

Your spell library contained the following spells:

 Spells                   Type           Power      Damage    Failure   Level
 Apportation              Tloc           6%         N/A       9%          1
 Animate Skeleton         Necr           0%         N/A       13%         1
 Pain                     Necr           0%         1d4       13%         1
 Summon Small Mammal      Summ           0%         N/A       13%         1
 Sublimation of Blood     Necr           0%         N/A       21%         2
 Conjure Flame            Conj/Fire      0%         6-21      36%         3
 Ignite Poison            Fire/Tmut/Pois 0%         N/A       36%         3
 Vampiric Draining        Necr           0%         2d6       36%         3
 Cause Fear               Hex            0%         N/A       75%         4
 Petrify                  Tmut/Erth      0%         N/A       75%         4
 Sticky Flame             Conj/Fire      0%         2d3       75%         4
 Manifold Assault         Tloc           3%         N/A       89%         5
 Irradiate                Conj/Tmut      0%         3d13      97%         5
 Dragon Form              Tmut           0%         N/A       100%        7
 Storm Form               Tmut/Air       0%         N/A       100%        7
 Dragon's Call            Summ           0%         N/A       100%        9


Dungeon Overview and Level Annotations

Branches:
Dungeon (6/15)
 Temple: D:4-7

Altars:

Annotations:
D:6 1 transporter, Edmund


Innate Abilities, Weirdness & Mutations

You cannot wear most types of armour.
You are amphibious.
You can wear up to eight rings at the same time.
Your skin changes colour to match your surroundings (Stealth+).
Your rubbery body absorbs attacks. (AC +1, EV +1)
((You are camouflaged when in or above water. (Stealth+)))
You have tentacles for arms and can constrict up to eight enemies at once.


Message History

Edmund barely misses you.
You tentacle-slap Edmund.
Edmund is moderately wounded.
You constrict Edmund.
Edmund hits you with a +2 dire flail of protection.
You tentacle-slap Edmund but do no damage.
Your squeeze misses Edmund.
Edmund is heavily wounded.
You constrict Edmund, but do no damage.
Edmund hits you with a +2 dire flail of protection.
You completely miss Edmund.
You tentacle-slap Edmund, but do no damage.
You squeeze Edmund, but do no damage.
Edmund is heavily wounded.
You constrict Edmund.
Edmund hits you with a +2 dire flail of protection!
* * * LOW HITPOINT WARNING * * *
Edmund barely misses you.
Aiming: Mindburst
Press: ? - help, Shift-Dir - straight line, f/p - Edmund
Aim: Edmund, wielding a +2 dire flail of protection and wearing a +1 chain mail of willpower (heavily wounded, constricted by you, fast, chance to affect: 29%)
Okay, then.
Aiming: Dig
Press: ? - help, Shift-Dir - straight line, f - you, p - Edmund Please select a direction to dig.
Okay, then.
Aiming: Polymorph
Press: ? - help, Shift-Dir - straight line, f/p - Edmund
Aim: Edmund, wielding a +2 dire flail of protection and wearing a +1 chain mail of willpower (heavily wounded, constricted by you, fast, will become a scorpion, a worm, or an adder, chance to affect: 17%)
Okay, then.
Aiming: Mindburst
Press: ? - help, Shift-Dir - straight line, f/p - Edmund
Aim: Edmund, wielding a +2 dire flail of protection and wearing a +1 chain mail of willpower (heavily wounded, constricted by you, fast, chance to affect: 29%) Edmund easily resists.
You constrict Edmund, but do no damage. Edmund closely misses you.
You tentacle-slap Edmund. You squeeze Edmund.
Edmund is severely wounded.
You constrict Edmund.
Edmund hits you with a +2 dire flail of protection!
You die...

.##. #...#
$....#...#
######...#
©.....#.##
......#.##
######...#
..# ##..#
.....##.#
#.....@@#
...#.#..#
# #.$.
##.#.
..#.. #.#
.. ..# #..
... ...


You could see Edmund (fast).

Vanquished Creatures
  An ice beast (D:4)
  A black bear (D:4)
  An ogre (D:5)
  A necrophage (D:5)
  A scorpion (D:4)
  A gnoll sergeant (D:5)
  4 hounds
  Ijyb (D:3)
  Terence (D:3)
  An iguana (D:5)
  6 gnolls
  7 adders
  An ufetubus (D:4)
  A dart slug (D:4)
  5 orcs
  5 bats
  3 endoplasms
  7 giant cockroaches
  5 hobgoblins
  5 kobolds
  7 quokkas
  10 ball pythons
  3 frilled lizards
  6 goblins
  3 rats
87 creatures vanquished.

Vanquished Creatures (others)
  8 plants (D:6)
8 creatures vanquished.

Grand Total: 95 creatures vanquished

Notes
Turn   | Place    | Note
-------+----------+-------------------------------------------
     0 | D:1      | night the Octopode Hunter began the quest for the Orb.
     0 | D:1      | Reached XP level 1. HP: 14/14 MP: 1/1
   214 | D:1      | Reached XP level 2. HP: 19/19 MP: 2/2
   290 | D:1      | Found a faded altar of an unknown god.
   411 | D:1      | Reached skill level 1 in Unarmed Combat
   718 | D:2      | Reached XP level 3. HP: 24/24 MP: 3/3
   766 | D:2      | Reached skill level 2 in Stealth
  1054 | D:2      | Reached XP level 4. HP: 5/30 MP: 4/4
  1493 | D:2      | Reached skill level 2 in Unarmed Combat
  1890 | D:3      | Learned a level 2 spell: Blink
  2143 | D:3      | Noticed Terence
  2150 | D:3      | Killed Terence
  2150 | D:3      | HP: 3/30 [poisoned by Terence]
  2151 | D:3      | Reached XP level 5. HP: 4/35 MP: 5/5
  2163 | D:3      | Noticed Ijyb
  2171 | D:3      | Killed Ijyb
  2441 | D:4      | Reached skill level 5 in Bows
  2444 | D:4      | Noticed a black bear
  2460 | D:4      | Reached XP level 6. HP: 40/41 MP: 6/6
  2638 | D:4      | Killed a black bear
  2871 | D:4      | Noticed an ice beast
  2896 | D:4      | Killed an ice beast
  2897 | D:4      | Reached XP level 7. HP: 21/46 MP: 7/7
  3378 | D:5      | Entered Level 5 of the Dungeon
  3949 | D:5      | Reached skill level 6 in Bows
  3949 | D:5      | Reached skill level 1 in Translocations
  4003 | D:5      | Reached XP level 8. HP: 9/54 MP: 8/8
  4258 | D:6      | Found a transporter.
  4266 | D:6      | Noticed Edmund
  4279 | D:6      | HP: 2/54 [Edmund/+2 dire flail of protection (10)]
  4284 | D:6      | HP: 7/54 [Edmund/+2 dire flail of protection (10)]
  4286 | D:6      | Slain by Edmund

Illustrated notes

Levels and vault maps discovered:
D:1:      dpeg_arrival_tiny_e, layout_rooms,
          hellmonk_ecumenical_altar_arch_garden, minmay_hedge_maze
D:2:      layout_basic, kennysheep_boxes
D:3:      layout_rooms, minmay_misc_feat_nine_boxes, uniq_ijyb, uniq_terence
D:4:      layout_rooms, corexii_hall_statues_t
D:5:      layout_basic
D:6:      layout_loops_cross, minmay_temple_entry_gardened_gates, serial_shops,
          kennysheep_mini, gammafunk_ghost_smash,
          nicolae_elevator_lobby_asterisk, uniq_edmund

Skill      XL: |  1  2  3  4  5  6  7 |
---------------+----------------------+-----
Unarmed Combat | 1 2 3 4 |  4.3
Stealth        | 2 3 4 |  4.8
Bows           | 5 6 |  6.1
Fighting       | 3 |  3.6
Dodging        | 3 |  3.6
Translocations | 1 |  1.2

Action                   |  1- 3 |  4- 6 |  7- 9 || total
-------------------------+-------+-------+-------++-------
Melee: Unarmed           |     1 |    41 |    29 ||    71
       Punch             |     1 |       |     1 ||     2
       Tentacles         |       |    13 |    11 ||    24
       Constrict         |       |     7 |     5 ||    12
 Fire: Shortbow          |    81 |    94 |    45 ||   220
Evoke: Wand              |       |     4 |     2 ||     6
  Use: Scroll            |       |     2 |     6 ||     8
       Potion            |       |     5 |     3 ||     8
 Stab: Distracted        |       |     1 |       ||     1
Armor: Skin              |     3 |     6 |     3 ||    12
Dodge: Dodged            |    30 |    50 |    28 ||   108

Table legend: (Time is in decaauts)
 A = Elapsed time spent in this place.
 B = Non-inter-level travel time spent in this place.
 C = Inter-level travel time spent in this place.
 D = Time resting spent in this place.
 E = Time spent auto-exploring this place.
 F = Levels seen in this place.
 G = Mean time per level.
                   A        B        C        D        E       F      G
               +--------+--------+--------+--------+--------+-----+--------+
         Total |   4325 |   4219 |    106 |   1089 |   2476 |   6 |  720.8 |
       Dungeon |   4325 |   4219 |    106 |   1089 |   2476 |   6 |  720.8 |
               +--------+--------+--------+--------+--------+-----+--------+

Top non-repeatable levels by time:
     D:2: 1140 daAuts
     D:3: 842 daAuts
     D:4: 787 daAuts
     D:1: 649 daAuts
     D:5: 633 daAuts
     D:6: 272 daAuts
